 Dungeon Crawl Stone Soup version 0.25-a0-937-gcfae464cf3 (webtiles) character file.

Game seed: 1514774335601937271, levelgen mode: deterministic

9692 Yok the Cleaver (level 11, -1/104 HPs)
             Began as a Minotaur Fighter on May 4, 2020.
             Killed by divine providence
             ... invoked by an orc priest
              (14 damage)
             ... on level 2 of the Orcish Mines.
             The game lasted 00:25:12 (8598 turns).

Yok the Cleaver (Minotaur Fighter)                  Turns: 8598, Time: 00:25:13

Health: -1/104     AC: 13    Str: 25    XL:     11   Next: 26%
Magic:  10/10      EV: 12    Int:  5    God:
Gold:   280        SH: 12    Dex:  9    Spells: 10/10 levels left

rFire    + + .     SeeInvis .   U - +2 whip (elec)
rCold    + . .     Gourm    .   c - +0 kite shield
rNeg     . . .     Faith    .   F - +0 swamp dragon scales
rPois    +         Spirit   .   (helmet restricted)
rElec    +         Reflect  .   T - +1 cloak
rCorr    +         Harm     .   (no gloves)
MR       .....                  R - +0 pair of boots
Stlth    +.........             (no amulet)
HPRegen  0.27/turn              m - +3 ring of slaying
MPRegen  0.12/turn              w - ring of protection from fire

@: resistant, studying Fighting
A: retaliatory headbutt, horns 2
a: no special abilities


You were on level 2 of the Orcish Mines.
You were not hungry.

You visited 3 branches of the dungeon, and saw 12 of its levels.

You collected 280 gold pieces.

Inventory:

Hand Weapons
 a - a +0 war axe
 E - a +0 war axe
 L - a +3 battleaxe
 M - a +3 war axe
 U - a +2 whip of electrocution (weapon)
Armour
 b - a +0 scale mail
 c - a +0 kite shield (worn)
 e - a +0 chain mail
 s - a +0 cloak
 F - +0 swamp dragon scales (worn)
 I - a +0 plate armour
 R - a +0 pair of boots (worn)
 T - a +1 cloak (worn)
Magical Staves
 D - an uncursed staff of cold
Jewellery
 m - a +3 ring of slaying (left hand)
 w - a ring of protection from fire (right hand)
 B - an uncursed ring of wizardry
 G - a cursed ring of attention
 V - an uncursed ring of magical power {unknown}
Wands
 x - a wand of clouds (4)
 C - a wand of polymorph (12)
 H - a wand of flame (39)
 N - a wand of digging (7)
Scrolls
 k - 9 scrolls of identify
 o - 7 scrolls of magic mapping {unknown}
 p - 5 scrolls of enchant armour {unknown}
 q - a scroll of enchant weapon {unknown}
 r - 3 scrolls of amnesia {unknown}
 v - 9 scrolls of teleportation {unknown}
 z - 2 scrolls of vulnerability {unknown}
 J - 2 scrolls of immolation {unknown}
 K - 2 scrolls of fog {unknown}
 Q - a scroll of blinking {unknown}
 S - a scroll of summoning {unknown}
Potions
 d - 2 potions of might
 g - 2 potions of berserk rage
 h - 4 potions of brilliance {unknown}
 i - a potion of resistance
 j - a potion of haste {unknown}
 l - a potion of ambrosia {unknown}
 n - 8 potions of curing {unknown}
 t - a potion of experience {unknown}
 u - a potion of lignification {unknown}
 A - a potion of stabbing {unknown}
 P - 2 potions of mutation {unknown}
Books
 y - a manual of Fighting
Comestibles
 f - 18 rations


   Skills:
 + Level 11.6 Fighting
 + Level 13.2(13.3) Axes
 + Level 2.8(9.2) Maces & Flails
 + Level 9.4 Armour
 + Level 5.1 Dodging
 + Level 1.2 Stealth
 + Level 9.3 Shields


You had 10 spell levels left.
You didn't know any spells.
Your spell library contained the following spells:

 Spells                   Type           Power        Failure   Level  Hunger
 Animate Skeleton         Necr           N/A          83%         1    ##.....
 Pain                     Necr           #...         83%         1    ##.....
 Poisonous Vapours        Pois/Air       #.....       93%         2    ###....
 Conjure Flame            Conj/Fire      #.......     99%         3    ####...
 Mephitic Cloud           Conj/Pois/Air  #.......     99%         3    ####...
 Vampiric Draining        Necr           #.........   99%         3    ####...
 Animate Dead             Necr           N/A          100%        4    #####..
 Agony                    Necr           #.......     100%        5    ######.
 Freezing Cloud           Conj/Ice/Air   #.........   100%        6    #######
 Ring of Flames           Chrm/Fire      #.........   100%        7    #######


Dungeon Overview and Level Annotations

Branches:
Dungeon (9/15)             Temple (0/1) D:6            Lair (1/6) D:9
    Orc (2/2) D:9             Elf (0/3) Orc:2

Altars:
Fedhas
Gozag
Nemelex Xobeh
Ru
The Shining One


Innate Abilities, Weirdness & Mutations

You reflexively headbutt those who attack you in melee.
You have a pair of horns on your head.


Message History

Lightning courses through the orc warrior!
The orc warrior is heavily wounded.
The orc warrior hits you with a +0 trident.
* * * LOW HITPOINT WARNING * * *
An orc priest comes into view.
It is wielding a +2 short sword of venom.
The orc priest shouts!
You hit the orc warrior.
Lightning courses through the orc warrior!
You headbutt the orc warrior.
You kill the orc warrior!
An orc warrior comes into view. It is wielding a +0 mace.
An orc comes into view. It is wielding a +0 whip.
An orc comes into view. It is wielding a +0 club.
The orc hits you but does no damage. The orc hits you with a +0 trident.
* * * LOW HITPOINT WARNING * * *
The orc wizard gestures wildly while chanting.
The orc wizard blinks!
The orc priest calls down the wrath of Beogh upon you.
Beogh smites you!
You die...

## #### #
##.##..####
..#.......#.##
......#......##
..............#
..>....o......#
.......$.@o..#
........o#.#.###
...o..#.ยง##)...#
...........#....#
........... ...##
.........#...o..#
..o.....##......#
.#..o...........#


.oo .. ....# You could see an orc warrior, an orc priest, an orc wizard and 4
orcs.

Vanquished Creatures
  Joseph (D:7)
  Maggie (D:6)
  A spiny frog (Lair:1)
  A rime drake (Lair:1)
  A troll (Orc:1)
  Prince Ribbit (D:6)
  A hippogriff (Lair:1)
  8 yaks
  6 humans
  Grum (D:8)
  A basilisk (Lair:1)
  3 hogs (D:8)
  Eustachio (D:6)
  2 wargs
  3 water moccasins
  5 porcupines
  Duvessa (D:6)
  5 orc warriors
  An ice beast (D:6)
  3 black bears (D:9)
  A phantom (D:5)
  6 ogres
  2 centaurs
  2 wolves (D:8)
  3 crocodiles
  6 bullfrogs
  Dowan (D:6)
  6 killer bees (D:9)
  A scorpion (D:9)
  5 wights (D:7)
  A howler monkey (D:5)
  A centaur zombie (D:8)
  A crimson imp (D:5)
  2 hounds
  A jelly (D:5)
  2 orc priests
  3 centaur skeletons
  5 iguanas
  4 orc wizards
  6 worker ants
  A hound zombie (D:5)
  A hound skeleton (D:7)
  Robin (D:4)
  8 gnolls
  15 adders
  2 shadow imps
  2 adder skeletons
  A worm (D:3)
  2 dart slugs (D:1)
  11 leopard geckos
  26 orcs
  5 giant cockroaches
  12 goblins
  9 hobgoblins
  10 jackals
  13 kobolds
  10 quokkas
  9 bats
  4 frilled lizards
  A jackal skeleton (D:6)
  A leopard gecko skeleton (D:5)
  A quokka zombie (D:8)
  8 rats
  2 fungi (D:9)
  2 plants (D:9)
263 creatures vanquished.

Vanquished Creatures (others)
  12 fungi (D:9)
  2 plants (D:9)
14 creatures vanquished.

Grand Total: 277 creatures vanquished

Notes
Turn   | Place    | Note
-------+----------+-------------------------------------------
     0 | D:1      | Yok the Minotaur Fighter began the quest for the Orb.
     0 | D:1      | Reached XP level 1. HP: 19/19 MP: 0/0
   268 | D:1      | Reached XP level 2. HP: 23/27 MP: 1/1
   762 | D:1      | Reached skill level 3 in Axes
  1014 | D:2      | Reached XP level 3. HP: 30/33 MP: 2/2
  1347 | D:2      | Reached XP level 4. HP: 37/40 MP: 3/3
  1491 | D:3      | Reached skill level 4 in Axes
  1646 | D:3      | Reached XP level 5. HP: 43/47 MP: 4/4
  1761 | D:4      | Noticed Robin
  1772 | D:4      | Killed Robin
  1772 | D:4      | Reached skill level 5 in Axes
  1973 | D:4      | Reached skill level 1 in Dodging
  1992 | D:4      | Reached XP level 6. HP: 32/55 MP: 5/5
  2222 | D:4      | Reached skill level 5 in Fighting
  2403 | D:4      | Found a sacrificial altar of Ru.
  2642 | D:4      | Reached skill level 5 in Shields
  2870 | D:5      | Entered Level 5 of the Dungeon
  2882 | D:5      | Found an opulent altar of Gozag.
  2887 | D:5      | Reached skill level 6 in Axes
  3048 | D:5      | Reached skill level 5 in Armour
  3048 | D:5      | Reached XP level 7. HP: 61/61 MP: 6/6
  3565 | D:5      | Reached skill level 7 in Axes
  3781 | D:6      | Noticed a human
  3781 | D:6      | Noticed a human
  3781 | D:6      | Noticed a human
  3781 | D:6      | Noticed a human
  3782 | D:6      | Noticed a human
  3823 | D:6      | Noticed Duvessa
  3826 | D:6      | Noticed Dowan
  3829 | D:6      | Killed Duvessa
  3829 | D:6      | Reached XP level 8. HP: 69/70 MP: 7/7
  3836 | D:6      | Killed Dowan
  3934 | D:6      | Reached skill level 8 in Axes
  3952 | D:6      | Reached skill level 9 in Axes
  3957 | D:6      | Noticed Maggie
  3959 | D:6      | Noticed Eustachio
  3977 | D:6      | Killed Eustachio
  3979 | D:6      | Killed Maggie
  3979 | D:6      | Reached XP level 9. HP: 37/80 MP: 8/8
  4273 | D:6      | Reached skill level 10 in Axes
  4515 | D:6      | Found a staircase to the Ecumenical Temple.
  4551 | D:6      | Noticed Prince Ribbit
  4714 | D:6      | Killed Prince Ribbit
  4750 | D:7      | Noticed Joseph
  5007 | D:7      | Killed Joseph
  5007 | D:7      | Reached skill level 11 in Axes
  5166 | D:7      | Found a blossoming altar of Fedhas.
  5514 | D:7      | Found a glowing golden altar of the Shining One.
  5823 | D:8      | Found a sparkling altar of Nemelex Xobeh.
  5975 | D:8      | Noticed Grum
  5980 | D:8      | Reached XP level 10. HP: 91/91 MP: 9/9
  5990 | D:8      | Killed Grum
  6196 | D:8      | Reached skill level 12 in Axes
  6577 | D:9      | Reached skill level 10 in Fighting
  6815 | D:9      | Found a staircase to the Lair.
  6909 | D:9      | Reached skill level 1 in Stealth
  7083 | D:9      | Found a staircase to the Orcish Mines.
  7109 | Orc:1    | Entered Level 1 of the Orcish Mines
  7109 | Orc:1    | Noticed a cyclops
  7337 | Lair:1   | Entered Level 1 of the Lair of Beasts
  7643 | Lair:1   | Reached skill level 13 in Axes
  7647 | Lair:1   | Noticed a spiny frog
  7653 | Lair:1   | Killed a spiny frog
  7653 | Lair:1   | Reached XP level 11. HP: 102/102 MP: 10/10
  7712 | Lair:1   | Reached skill level 5 in Dodging
  7885 | Lair:1   | Reached skill level 1 in Maces & Flails
  8545 | Orc:2    | Entered Level 2 of the Orcish Mines
  8547 | Orc:2    | Found a staircase to the Elven Halls.
  8598 | Orc:2    | Killed from afar by an orc priest

Levels and vault maps discovered:
D:1:      dpeg_arrival_rooms_b, layout_loops_corners, nrook_loot_triangle,
          minmay_misc_feat_columns, minmay_tetromino_l4
D:2:      layout_loops_cross
D:3:      layout_rooms, gammafunk_temple_overflow_elements, first_ration
D:4:      layout_cave_pools, kennysheep_little_box, chequers_mini_garden,
          uniq_robin
D:5:      layout_gridville, nicolae_overflow_crystal_walls, basic_altar,
          minmay_manual_mess
D:6:      layout_gridville, temple_doors_ab, minmay_ruffians, uniq_duvessa,
          uniq_maggie, uniq_prince_ribbit1, uniq_eustachio
D:7:      layout_rooms, lemuel_round_altar, basic_altar,
          uniq_crazy_yiuf_cottage, uniq_joseph
D:8:      layout_basic, nemelex_altar_shiori, grunt_livestock, uniq_grum
D:9:      layout_stronghold, due_lair_maze_entry_diamond, david_orc_3
Lair:1:   layout_small_grid, serial_rivers, chequers_serial_rivers_micro_d,
          chequers_serial_rivers_large_a, chequers_serial_rivers_small_3,
          chequers_serial_rivers_micro_b, chequers_serial_rivers_micro_b,
          lemuel_fruit_tree
Orc:1:    giant_chief_lemuel, layout_diamond_mine, enter_volcano_2
Orc:2:    st_orc_rangers, layout_caves, serial_shops, shop

Skill      XL: |  1  2  3  4  5  6  7  8  9 10 11 |
---------------+----------------------------------+-----
Fighting       | 4 5 7 9 11 | 11.6
Axes           | 3 4 5 6 7 9 11 13 | 13.2
Shields        | 4 5 6 7 9 |  9.3
Armour         | 4 5 6 7 8 9 |  9.4
Dodging        | 1 2 3 4 5 |  5.1
Stealth        | 1 |  1.2
Maces & Flails | 2 |  2.8

Action                   |  1- 3 |  4- 6 |  7- 9 | 10-12 || total
-------------------------+-------+-------+-------+-------++-------
Melee: War axe           |    86 |   126 |   225 |    99 ||   536
       Headbutt          |    14 |    20 |    37 |    41 ||   112
       Whip              |       |       |       |    99 ||    99
  Use: Scroll            |       |     1 |     1 |     2 ||     4
       Potion            |       |       |       |     1 ||     1
  Eat: Chunk             |     1 |     6 |    10 |     3 ||    20
       Ration            |       |       |       |     2 ||     2
Armor: Scale mail        |    42 |    62 |       |       ||   104
       Chain mail        |       |     3 |    45 |       ||    48
       Swamp dragon scal |       |       |    27 |    51 ||    78
Dodge: Dodged            |    25 |    47 |    74 |    82 ||   228
Block: Kite shield       |    50 |    87 |   129 |   103 ||   369

Table legend:
 A = Non-vault XP
 B = Vault XP
 C = Vault XP percentage of total XP
 D = Non-vault monster count
 E = Vault monster count
 F = Vault count percentage of total count
                 A         B        C        D         E       F
            +---------+---------+-------+---------+---------+-------
      Total |    7483 |    6364 |  46.0 |     201 |      58 |  22.4
            +---------+---------+-------+---------+---------+-------
        D:1 |      31 |       8 |  20.5 |      19 |       4 |  17.4
        D:2 |      97 |       0 |   0.0 |      28 |       0 |   0.0
        D:3 |      90 |       0 |   0.0 |      21 |       0 |   0.0
        D:4 |     324 |      36 |  10.0 |      20 |      12 |  37.5
        D:5 |     546 |     231 |  29.7 |      23 |       3 |  11.5
        D:6 |     780 |    2074 |  72.7 |      25 |      10 |  28.6
        D:7 |     551 |     466 |  45.8 |      14 |       1 |   6.7
        D:8 |     351 |    1403 |  80.0 |      11 |       8 |  42.1
        D:9 |    1028 |    1624 |  61.2 |      13 |      16 |  55.2
     Lair:1 |    2930 |       0 |   0.0 |      15 |       0 |   0.0
      Orc:1 |     286 |     522 |  64.6 |       1 |       4 |  80.0
      Orc:2 |     469 |       0 |   0.0 |      11 |       0 |   0.0
            +---------+---------+-------+---------+---------+-------
